 Dungeon Crawl Stone Soup version 0.30-a0-575-g6f4a10e2d2 (webtiles) character file.

Game seed: 12954503735739304525

82 Bnni the Vexing (level 4, -8/33 HPs)
             Began as a Formicid Hexslinger on Dec 30, 2022.
             Killed by an exploding giant cockroach (41 damage)
             ... ignited by their inner flame
             ... on level 2 of the Dungeon.
             The game lasted 00:02:02 (1515 turns).

Bnni the Vexing (Formicid Hexslinger)               Turns: 1515, Time: 00:02:03

Health: -8/33      AC:  2    Str: 15    XL:     4   Next: 70%
Magic:  0/6        EV: 12    Int: 14    God:
Gold:   139        SH:  0    Dex: 14    Spells: 2/6 levels left

rFire   . . .      SeeInvis +    a - +1 sling
rCold   . . .      Faith    .    (no shield)
rNeg    . . .      Spirit   .    c - +0 robe
rPois   .          Reflect  .    (helmet unavailable)
rElec   .          Harm     .    (no cloak)
rCorr   .          Rampage  .    (no gloves)
Will    .....                    (no boots)
Stlth   +                        (no amulet)
HPRegen 0.25/turn                l - ring of flight
MPRegen 0.10/turn                (no ring)

@: flying, very slightly contaminated
A: permanent stasis, dig shafts and tunnels, antennae 3, four strong arms
a: Dig, Shaft Self


You were on level 2 of the Dungeon.
You visited 1 branch of the dungeon, and saw 2 of its levels.

You collected 139 gold pieces.

Inventory:

Hand Weapons
 a - a +1 sling (weapon)
Missiles
 e - 9 poisoned darts
Armour
 c - a +0 robe (worn)
Jewellery
 l - a ring of flight (left hand)
Scrolls
 b - a scroll of poison
 d - a scroll of torment {unknown}
 f - a scroll of identify {unknown}
 g - a scroll of blinking {unknown}
 h - a scroll of fog {unknown}
 i - a scroll of teleportation {unknown}
 j - a scroll of enchant armour {unknown}
Potions
 k - a potion of curing {unknown}


   Skills:
 + Level 1.9 Fighting
 * Level 3.0 Ranged Weapons
 - Level 1.7 Dodging
 + Level 1.6 Spellcasting
 * Level 4.5 Hexes
 + Level 1.1 Fire Magic


You had 2 spell levels left.
You knew the following spells:

 Your Spells              Type           Power      Damage    Failure   Level
a - Slow                  Hex            52%        N/A       3%          1
b - Inner Flame           Hex/Fire       9%         N/A       22%         3

Your spell library contained the following spells:

 Spells                   Type           Power      Damage    Failure   Level
 Portal Projectile        Hex/Tloc       14%        N/A       28%         3
 Cause Fear               Hex            6%         N/A       36%         4


Dungeon Overview and Level Annotations

Branches:
Dungeon (2/15)

Altars:


Innate Abilities, Weirdness & Mutations

You cannot be hasted, slowed, berserked, paralysed or teleported.
You can dig through walls and to a lower floor.
You have a pair of large antennae on your head. (SInv)
Your four strong arms can wield two-handed weapons with a shield.


Message History

Terence shouts!
You shoot a sling bullet.
The sling bullet completely misses Terence.
Terence is nearby!
You shoot a sling bullet. The sling bullet hits Terence.
Terence is moderately wounded.
A giant cockroach comes into view.
Casting: Slow (safe; 3% risk of failure)
Confirm with . or Enter, or press ? or * to list all spells.
The spell is quite dangerous to miscast (22% risk of failure)!
Continue anyway?
Aiming: Inner Flame (quite dangerous; 22% risk of failure)
Press: ? - help, Dir - move target, f - giant cockroach, p - Terence
Aim: a giant cockroach (chance to affect: 74%)
You miscast Inner Flame.
You are very lightly contaminated with residual magic.
The light around you dims momentarily.
Your stasis prevents you from being slowed.
The giant cockroach closely misses you.
Casting: Inner Flame (quite dangerous; 22% risk of failure)
Confirm with . or Enter, or press ? or * to list all spells.
The spell is quite dangerous to miscast (22% risk of failure)!
Continue anyway?
Aiming: Inner Flame (quite dangerous; 22% risk of failure)
Press: ? - help, Dir - move target, f/p - giant cockroach
Aim: a giant cockroach (chance to affect: 74%)
The giant cockroach is filled with an inner flame.
The giant cockroach barely misses you. The giant cockroach closely misses you.
Fire: a) +1 sling
Press: ? - help, Shift-Dir - straight line, f/p - giant cockroach
Aim: a giant cockroach (inner flame, 57% to hit)
You shoot a sling bullet.
The sling bullet hits the giant cockroach.
Flame seeps out of the giant cockroach.
The giant cockroach is moderately wounded.
The giant cockroach is engulfed in blazing flames.
The giant cockroach explodes!
The fiery explosion engulfs Terence!!
You kill Terence!
The fiery explosion engulfs you!!!
Ouch! That really hurt!
You die...

#.#...... +...
###+#...... ..#...
..........# .....
........# #..#####
....... #.....##
###+#.... #.g..g.
..#.#.§§### #.##.##
#.#.# #○#<# ####g##...
#.#.###@#.#.#
#....#####
####.#.....#.#.#
#.#### #
#....#.#####.#.# #gg.#
# +............#.#
#...# #
#...####.#..##.#
#...######
#........#...#.#
#...g....#
#....#####.....#
###..###.#
#....##.......<# #
#..# #.#
#####....##.####...#.#
#..# #.#


There were no monsters in sight!

Vanquished Creatures
  Terence (D:2)
  4 gnolls (D:2)
  An adder (D:2)
  A dart slug (D:2)
  3 endoplasms (D:1)
  3 giant cockroaches (D:2)
  4 goblins (D:1)
  4 hobgoblins (D:1)
  2 jackals (D:1)
  2 quokkas
  3 ball pythons (D:1)
  A bat (D:2)
  2 frilled lizards (D:1)
  3 kobolds (D:1)
34 creatures vanquished.

Notes
Turn   | Place    | Note
-------+----------+-------------------------------------------
     0 | D:1      | Bnni the Formicid Hexslinger began the quest for the Orb.
     0 | D:1      | Reached XP level 1. HP: 15/15 MP: 2/2
    83 | D:1      | Reached XP level 2. HP: 21/21 MP: 3/3
   293 | D:1      | Reached skill level 4 in Hexes
   416 | D:1      | Reached XP level 3. HP: 26/26 MP: 4/4
   420 | D:1      | Learned a level 3 spell: Inner Flame
  1162 | D:2      | Reached skill level 1 in Fire Magic
  1162 | D:2      | Reached XP level 4. HP: 21/32 MP: 1/6
  1509 | D:2      | Noticed Terence
  1515 | D:2      | Killed Terence
  1515 | D:2      | Killed by an exploding giant cockroach... ignited by their
                  | inner flame

Illustrated notes

Levels and vault maps discovered:
D:1:      dpeg_arrival_morbid_curiosity, layout_basic, minmay_fountain_box,
          minmay_domino_2
D:2:      layout_basic, minmay_parallelograms, uniq_terence

Skill      XL: |  1  2  3  4 |
---------------+-------------+-----
Hexes          | 4 |  4.5
Fire Magic     | 1 |  1.1
Ranged Weapons | 3 |  3.0
Fighting       | |  1.9
Dodging        | |  1.7
Spellcasting   | |  1.6

Action                   |  1- 3 |  4- 6 || total
-------------------------+-------+-------++-------
 Fire: Sling             |    84 |    22 ||   106
 Cast: Slow              |     3 |     2 ||     5
       Inner Flame       |       |     2 ||     2
Armor: Robe              |     6 |     2 ||     8
Dodge: Dodged            |    27 |    12 ||    39

Table legend: (Time is in decaauts)
 A = Elapsed time spent in this place.
 B = Non-inter-level travel time spent in this place.
 C = Inter-level travel time spent in this place.
 D = Time resting spent in this place.
 E = Time spent auto-exploring this place.
 F = Levels seen in this place.
 G = Mean time per level.
                   A        B        C        D        E       F      G
               +--------+--------+--------+--------+--------+-----+--------+
         Total |   1542 |   1484 |     58 |     28 |   1143 |   2 |  771.0 |
       Dungeon |   1542 |   1484 |     58 |     28 |   1143 |   2 |  771.0 |
               +--------+--------+--------+--------+--------+-----+--------+

Top non-repeatable levels by time:
     D:1: 958 daAuts
     D:2: 584 daAuts
